 Dungeon Crawl Stone Soup version 0.25-a0-663-gace7076f2c (webtiles) character file.

Game seed: 1631651057817725353, levelgen mode: deterministic

27 kae the Ruffian (level 2, 0/23 HPs)
             Began as a Draconian Transmuter on Mar 25, 2020.
             Slain by a worm (11 damage)
             ... on level 2 of the Dungeon.
             The game lasted 00:00:56 (1140 turns).

kae the Ruffian (Draconian Transmuter)              Turns: 1140, Time: 00:00:57

Health: 0/23       AC:  4    Str: 12    XL:     2   Next: 93%
Magic:  5/5        EV: 12    Int: 13    God:
Gold:   14         SH:  0    Dex: 11    Spells: 4/5 levels left

rFire    . . .     SeeInvis .   e - +0 whip
rCold    . . .     Gourm    .   (no shield)
rNeg     . . .     Faith    .   (armour unavailable)
rPois    .         Spirit   .   (helmet restricted)
rElec    .         Reflect  .   (no cloak)
rCorr    .         Harm     .   (no gloves)
MR       .....                  (no boots)
Stlth    +.........             (no amulet)
HPRegen  0.07/turn              (no ring)
MPRegen  0.09/turn              (no ring)

@: slowed, very slow
A: unfitting armour, cold-blooded, AC +4
a: no special abilities


You were on level 2 of the Dungeon.
You were not hungry.

You visited 1 branch of the dungeon, and saw 2 of its levels.

You collected 14 gold pieces.

Inventory:

Hand Weapons
 e - a +0 whip (weapon)
Missiles
 a - 26 arrows
Potions
 d - a potion of berserk rage {unknown}
 f - a potion of curing
Comestibles
 c - 2 rations


   Skills:
 - Level 1.1 Fighting
 - Level 1.7 Dodging
 * Level 3.6 Unarmed Combat
 + Level 2.3 Spellcasting
 + Level 2.4 Transmutations


You had 4 spell levels left.
You knew the following spells:

 Your Spells              Type           Power        Failure   Level  Hunger
a - Beastly Appendage     Tmut           #.....       9%          1    #......

Your spell library contained the following spells:

 Spells                   Type           Power        Failure   Level  Hunger
 Sticks to Snakes         Tmut           #.......     14%         2    ###....
 Spider Form              Tmut/Pois      #.........   41%         3    ###....
 Ice Form                 Ice/Tmut       #.......     83%         4    #####..
 Blade Hands              Tmut           #.........   94%         5    ######.


Dungeon Overview and Level Annotations

Branches:
Dungeon (2/15)

Altars:

Annotations:
D:2 Jessica


Innate Abilities, Weirdness & Mutations

Your plain brown scales are hard. (AC +4)
You cannot fit into any form of body armour.
You are cold-blooded and may be slowed by cold attacks.


Message History

The worm is lightly wounded.
The worm bites you.
You barely miss the worm. You tail-slap the worm.
The worm is moderately wounded.
The worm bites you but does no damage.
You hit the worm.
The worm is moderately wounded.
Jessica mumbles some strange words.
Jessica blinks!
Jessica mumbles something strange.
The worm bites you but does no damage.
You hit the worm.
The worm is heavily wounded.
The worm barely misses you.
Jessica casts a spell.
Jessica blinks!
You hit the worm.
The worm is severely wounded.
The worm bites you!
You die...

#.........
#.#..#.##.#
#......#..#
##........#
#........####
............
..........#
#.....w..#
...@.ยง.@.#
####...........
#.....###...
####### .


You could see a worm and Jessica.

Vanquished Creatures
  An ooze (D:1)
  A worm (D:2)
  A bat (D:1)
  A giant cockroach (D:2)
  3 goblins
  2 hobgoblins (D:1)
  4 jackals
  A kobold (D:1)
  A frilled lizard (D:1)
  2 rats
17 creatures vanquished.

Notes
Turn   | Place    | Note
-------+----------+-------------------------------------------
     0 | D:1      | kae the Draconian Transmuter began the quest for the Orb.
     0 | D:1      | Reached XP level 1. HP: 16/16 MP: 3/3
   254 | D:1      | Reached XP level 2. HP: 19/23 MP: 3/5
   643 | D:2      | Found a faded altar of an unknown god.
   863 | D:2      | HP: 1/23 [jackal (1)]
  1123 | D:2      | Noticed Jessica
  1140 | D:2      | Slain by a worm

Levels and vault maps discovered:
D:1:      dpeg_chamrin_arrival_tetris, layout_loops_cross
D:2:      minmay_razor_zed, layout_rooms, kennysheep_slug_shrine, first_ration,
          chequers_ecumenical_altar_simple, uniq_jessica, uniq_terence

Action                   || total
-------------------------++-------
Melee: Unarmed           ||    25
       Tailslap          ||    12
       Punch             ||     2
       Headbutt          ||     1
       Whip              ||    50
       Kick              ||     9
 Cast: Beastly Appendage ||     8
  Use: Potion            ||     2
  Eat: Chunk             ||     1
Armor: Skin              ||    29
Dodge: Dodged            ||    62

Table legend:
 A = Non-vault XP
 B = Vault XP
 C = Vault XP percentage of total XP
 D = Non-vault monster count
 E = Vault monster count
 F = Vault count percentage of total count
                 A         B        C        D         E       F
            +---------+---------+-------+---------+---------+-------
      Total |      39 |       0 |   0.0 |      17 |       0 |   0.0
            +---------+---------+-------+---------+---------+-------
        D:1 |      23 |       0 |   0.0 |      10 |       0 |   0.0
        D:2 |      16 |       0 |   0.0 |       7 |       0 |   0.0
            +---------+---------+-------+---------+---------+-------
